 Dungeon Crawl Stone Soup version 0.30.1-4-g462c640d31 (webtiles) character file.

Game seed: 5478659688737145104

18 HagarQim the Frost Mage (level 2, 0/23 HPs)
             Began as a Gnoll Wanderer on Aug 29, 2023.
             Was an Initiate of Gozag.
             Slain by a gnoll
             ... wielding a +0 spear
              (9 damage)
             ... on level 2 of the Dungeon.
             The game lasted 00:02:14 (1549 turns).

HagarQim the Frost Mage (Gnoll Wanderer)            Turns: 1549, Time: 00:02:15

Health: 0/23       AC:  0    Str: 11    XL:     2   Next: 70%
Magic:  7/7        EV: 11    Int: 12    God:    Gozag
Gold:   65         SH:  0    Dex: 10    Spells: 10/10 levels left

rFire   . . .        c - +0 sling
rCold   . . .        (no shield)
rNeg    . . .        (no body armour)
rPois   .            (no helmet)
rElec   .            (no cloak)
rCorr   .            (no gloves)
SInv    .            (no boots)
Will    .....        (no amulet)
Stlth   +            (no ring)
HPRegen 0.23/turn    (no ring)
MPRegen 0.10/turn

%: no passive effects
@: no status effects
A: fangs 1, strong nose, distributed training
a: Renounce Religion, Potion Petition, Call Merchant, Bribe Branch


You were on level 2 of the Dungeon.
You worshipped Gozag.
Gozag was noncommittal.
You visited 1 branch of the dungeon, and saw 2 of its levels.

You collected 85 gold pieces.
You paid 20 gold pieces to Gozag.

Inventory:

Hand Weapons
 a - a +0 club
 c - a +0 sling (weapon)
Scrolls
 d - 3 scrolls of identify {unknown}
 f - a scroll of summoning {unknown}
Potions
 b - a potion of curing
 e - 2 potions of lignification {unknown}


   Skills:
 + Level 2.5 Fighting
 + Level 0.5 Short Blades
 + Level 0.5 Long Blades
 + Level 0.5 Axes
 + Level 0.5 Maces & Flails
 + Level 0.5 Polearms
 + Level 0.5 Staves
 + Level 0.5 Ranged Weapons
 + Level 0.5 Throwing
 + Level 2.5 Armour
 + Level 0.5 Dodging
 + Level 0.5 Stealth
 + Level 0.5 Shields
 + Level 0.5 Unarmed Combat
 + Level 4.9 Spellcasting
 + Level 0.3 Conjurations
 + Level 0.3 Hexes
 + Level 0.3 Summonings
 + Level 0.3 Necromancy
 + Level 0.3 Translocations
 + Level 0.3 Transmutations
 + Level 2.0 Fire Magic
 + Level 8.7 Ice Magic
 + Level 0.3 Air Magic
 + Level 0.3 Earth Magic
 + Level 0.3 Poison Magic
 + Level 0.6 Invocations
 + Level 0.5 Evocations


You had 10 spell levels left.
You didn't know any spells.
Your spell library contained the following spells:

 Spells                   Type           Power      Damage    Failure   Level
 Freeze                   Ice            96%        1d10      1%          1
 Frozen Ramparts          Ice            48%        1d8       1%          3
 Foxfire                  Conj/Fire      20%        2x1d5     12%         1
 Summon Ice Beast         Ice/Summ       13%        N/A       30%         4
 Volatile Blastmotes      Fire/Tloc      10%        2d10      36%         3


Dungeon Overview and Level Annotations

Branches:
Dungeon (2/15)

Altars:
Gozag


Innate Abilities, Weirdness & Mutations

You have very sharp teeth.
Your uncanny sense of smell can sniff out nearby items.
Your experience applies equally to all skills.


Message History

You start waiting.
Done waiting.
Found a sling.
You see here a +0 dagger.
You shoot a sling bullet.
The sling bullet closely misses the gnoll.
You shoot a sling bullet.
The sling bullet closely misses the gnoll.
You shoot a sling bullet.
The sling bullet barely misses the gnoll.
You shoot a sling bullet. The sling bullet hits the gnoll.
The gnoll is moderately wounded.
The gnoll hits you from afar with a +0 spear. x2
You shoot a sling bullet. The sling bullet hits the gnoll.
The gnoll is severely wounded.
The gnoll barely misses you.
You shoot a sling bullet.
The sling bullet closely misses the gnoll.
The gnoll hits you from afar with a +0 spear.
The gnoll misses you.
You shoot a sling bullet.
The sling bullet closely misses the gnoll.
The gnoll hits you from afar with a +0 spear.
You are too injured to fight recklessly!
You don't know any spells.
Okay, then.
You don't know any spells.
Unknown command.
You don't know any spells.
Okay, then.
Unknown command.
Unknown command.
Fire: c) +0 sling
Press: ? - help, Q - select action, (/) - cycle Shift-Dir - straight line, f/p - gnoll
Aim: a gnoll, wielding a +0 spear (severely wounded, 56% to hit)
You shoot a sling bullet. The sling bullet hits the gnoll.
The gnoll is severely wounded.
The gnoll hits you from afar with a +0 spear!
You die...
Your body crumbles into a pile of gold.

#.#.# #.#.# #.#.#
#.# #.#.# #.#
#.#.# #.# #.#<#
#.# #.#.#######.#
#.#.......#.#
#@#########.# #.#
#....# #g#
#....###### #.#
#..........
#.######...###...#
#..........+.....+
########...###...#
#..<.g..#### #...#
#.#####.# #...#


You could see a gnoll.

Vanquished Creatures
  A dart slug (D:1)
  4 bats
  An endoplasm (D:1)
  A goblin (D:2)
  2 quokkas (D:1)
  A ball python (D:1)
  4 kobolds
  3 rats
17 creatures vanquished.

Notes
Turn   | Place    | Note
-------+----------+-------------------------------------------
     0 | D:1      | HagarQim the Gnoll Wanderer began the quest for the Orb.
     0 | D:1      | HagarQim set off with the following items: a +0 club, a
                  | potion of curing, a +0 ring mail; and the following spells
                  | available to memorise: Freeze, Frozen Ramparts, Foxfire,
                  | Summon Ice Beast, Volatile Blastmotes.
     0 | D:1      | Reached XP level 1. HP: 17/17 MP: 6/6
   406 | D:1      | Reached XP level 2. HP: 18/23 MP: 7/7
  1212 | D:2      | Found an opulent altar of Gozag.
  1219 | D:2      | Became a worshipper of Gozag Ym Sagoz the Greedy
  1549 | D:2      | Slain by a gnoll

Illustrated notes

Levels and vault maps discovered:
D:1:      dpeg_arrival_three_same_balls, layout_loops_ring
D:2:      layout_basic, basic_ecumenical_altar, basic_altar,
          nicolae_figureground_sparkle, uniq_robin, uniq_crazy_yiuf_cottage

Skill      XL: |  1 |
---------------+----+-----
Fire Magic     | 2 |  2.0
Fighting       | |  2.5
Short Blades   | |  0.5
Long Blades    | |  0.5
Axes           | |  0.5
Maces & Flails | |  0.5
Polearms       | |  0.5
Staves         | |  0.5
Ranged Weapons | |  0.5
Throwing       | |  0.5
Armour         | |  2.5
Dodging        | |  0.5
Stealth        | |  0.5
Shields        | |  0.5
Unarmed Combat | |  0.5
Spellcasting   | |  4.9
Conjurations   | |  0.3
Hexes          | |  0.3
Summonings     | |  0.3
Necromancy     | |  0.3
Translocations | |  0.3
Transmutations | |  0.3
Ice Magic      | |  8.7
Air Magic      | |  0.3
Earth Magic    | |  0.3
Poison Magic   | |  0.3
Invocations    | |  0.6
Evocations     | |  0.5

Action                     || total
---------------------------++-------
   Fire: Sling             ||    67
  Dodge: Dodged            ||    24
